 Dungeon Crawl Stone Soup version 0.26-a0-1126-g3318b609a0 (webtiles) character file.

Game seed: 11756140052300197281

145 jakkaru the Shield-Bearer (level 5, -13/47 HPs)
             Began as a Minotaur Fighter on Oct 30, 2020.
             Was an Initiate of Nemelex Xobeh.
             Mangled by a gnoll
             ... wielding a +2 whip of distortion
             ... created by the fury of Okawaru
              (14 damage)
             ... on level 3 of the Dungeon on Dec 17, 2020.
             The game lasted 00:03:30 (2445 turns).

jakkaru the Shield-Bearer (Minotaur Fighter)        Turns: 2445, Time: 00:03:30

Health: -13/47     AC:  8    Str: 21    XL:     5   Next: 6%
Magic:  4/4        EV:  7    Int:  5    God:    Nemelex Xobeh [......]
Gold:   139        SH:  9    Dex: 10    Spells: 4/4 levels left

rFire    . . .     SeeInvis .   a - +0 war axe
rCold    . . .     Faith    .   c - +0 kite shield
rNeg     . . .     Spirit   .   b - +0 scale mail
rPois    .         Reflect  .   (helmet restricted)
rElec    .         Harm     .   u - +0 cloak
rCorr    .         Rampage  .   (no gloves)
Will     .....                  (no boots)
Stlth    ..........             (no amulet)
HPRegen  0.15/turn              (no ring)
MPRegen  0.09/turn              (no ring)

@: no status effects
A: retaliatory headbutt, horns 2
a: Renounce Religion, Draw Escape, Draw Destruction, Draw Summoning


You were on level 3 of the Dungeon.
You worshipped Nemelex Xobeh.
Nemelex Xobeh was noncommittal.
You visited 1 branch of the dungeon, and saw 3 of its levels.

You collected 139 gold pieces.

Inventory:

Hand Weapons
 a - a +0 war axe (weapon)
Armour
 b - a +0 scale mail (worn)
 c - a +0 kite shield (worn)
 u - a +0 cloak (worn)
Jewellery
 g - an uncursed ring of positive energy {unknown}
Scrolls
 e - 3 scrolls of remove curse {unknown}
 f - 2 scrolls of magic mapping {unknown}
 h - 2 scrolls of identify {unknown}
 j - 3 scrolls of enchant weapon {unknown}
 k - a scroll of immolation {unknown}
 l - a scroll of enchant armour {unknown}
 m - a scroll of blinking {unknown}
 p - a scroll of teleportation {unknown}
 q - a scroll of random uselessness {unknown}
 r - a scroll of noise {unknown}
 t - a scroll of amnesia {unknown}
Potions
 d - a potion of might
 i - a potion of haste {unknown}
 n - a potion of flight {unknown}
 o - a potion of heal wounds {unknown}
 s - a potion of curing {unknown}


   Skills:
 + Level 4.3 Fighting
 + Level 4.4 Axes
 + Level 4.2 Armour
 + Level 0.5 Dodging
 + Level 4.6 Shields


You had 4 spell levels left.
You didn't know any spells.
Your spell library was empty.

Dungeon Overview and Level Annotations

Branches:
Dungeon (3/15)

Altars:
Nemelex Xobeh
Okawaru

Annotations:
D:2 1 exclusion


Innate Abilities, Weirdness & Mutations

You reflexively headbutt those who attack you in melee.
You have a pair of horns on your head.


Message History

You are too injured to fight recklessly!
Unknown command.
You hit the gnoll sergeant.
The gnoll sergeant is almost dead.
You barely miss the gnoll. You block the gnoll's attack.
The gnoll sergeant hits you but does no damage.
The gnoll barely misses you. You furiously retaliate!
You headbutt the gnoll.
The gnoll sergeant hits you with a +0 spear!
* * * LOW HITPOINT WARNING * * *
The gnoll hits you with a +2 whip of distortion.
* * * LOW HITPOINT WARNING * * *
Space bends around you.
* * * LOW HITPOINT WARNING * * *
The gnoll sergeant hits you but does no damage.
The gnoll sergeant hits you but does no damage.
The gnoll hits you with a +2 whip of distortion.
* * * LOW HITPOINT WARNING * * *
Space warps horribly around you!
You die...
Your body disappears without a glow.

## #. #.######
#......#
#.g....#######
#.@g..........
##............
#<...........
#............
#............
#............
#...........$
#..<)........
#.....###....


You could see a gnoll sergeant and a gnoll.

Vanquished Creatures
  An orc wizard (D:3)
  3 adders
  5 gnolls (D:2)
  A worm (D:2)
  3 dart slugs
  2 leopard geckos (D:1)
  3 ball pythons
  2 giant cockroaches
  3 goblins
  2 hobgoblins
  4 jackals (D:2)
  2 quokkas
  4 bats
  4 frilled lizards
  2 kobolds (D:2)
  3 rats
44 creatures vanquished.

Notes
Turn   | Place    | Note
-------+----------+-------------------------------------------
     0 | D:1      | jakkaru the Minotaur Fighter began the quest for the Orb.
     0 | D:1      | Reached XP level 1. HP: 19/19 MP: 0/0
   219 | D:1      | Reached XP level 2. HP: 27/27 MP: 1/1
   807 | D:2      | Reached XP level 3. HP: 29/33 MP: 2/2
   960 | D:2      | Reached XP level 4. HP: 39/40 MP: 3/3
  1140 | D:2      | Found an iron altar of Okawaru.
  1149 | D:2      | Became a worshipper of Warmaster Okawaru
  2147 | D:3      | Found a sparkling altar of Nemelex Xobeh.
  2156 | D:3      | Upgraded the game from 0.26-a0-710-g95a0c6c400 to
                  | 0.26-a0-1126-g3318b609a0
  2160 | D:3      | Fell from the grace of Okawaru
  2160 | D:3      | Became a worshipper of Nemelex Xobeh the Trickster
  2187 | D:3      | Reached XP level 5. HP: 18/47 MP: 4/4
  2333 | D:3      | Noticed a two-headed ogre
  2445 | D:3      | HP: 1/47 [gnoll/+2 whip of distortion[the fury of Okawaru]
                  | (2)]
  2445 | D:3      | Mangled by a gnoll

Illustrated notes

Levels and vault maps discovered:
D:1:      lightli_arrival_quake, layout_basic, minmay_heptomino_h4
D:2:      layout_basic, kennysheep_okawaru_gauntlet, minmay_close_crescents
D:3:      minmay_roachtagon, layout_basic, nicolae_overflow_hidden_temple,
          overflow_temple_1_default, serial_curves, eino_curves_01,
          eino_curves_04, kennysheep_generic_room_4

Skill      XL: |  1  2  3  4 |
---------------+-------------+-----
Shields        | 4 |  4.6
Fighting       | 4 |  4.3
Armour         | 4 |  4.2
Axes           | 3 4 |  4.4
Dodging        | |  0.5

Action                   |  1- 3 |  4- 6 || total
-------------------------+-------+-------++-------
Melee: War axe           |    59 |    48 ||   107
       Headbutt          |    11 |    10 ||    21
Armor: Scale mail        |    44 |    27 ||    71
Dodge: Dodged            |    21 |    26 ||    47
Block: Kite shield       |    40 |    23 ||    63

Table legend: (Time is in decaauts)
 A = Elapsed time spent in this place.
 B = Non-inter-level travel time spent in this place.
 C = Inter-level travel time spent in this place.
 D = Time resting spent in this place.
 E = Time spent auto-exploring this place.
 F = Levels seen in this place.
 G = Mean time per level.
                   A        B        C        D        E       F      G
               +--------+--------+--------+--------+--------+-----+--------+
         Total |   2491 |   2394 |     97 |    600 |   1445 |   3 |  830.3 |
       Dungeon |   2491 |   2394 |     97 |    600 |   1445 |   3 |  830.3 |
               +--------+--------+--------+--------+--------+-----+--------+

Top non-repeatable levels by time:
     D:2: 1512 daAuts
     D:1: 730 daAuts
     D:3: 248 daAuts
